 Dungeon Crawl Stone Soup version 0.21.1-1-g345015fe64 (webtiles) character file.

155 Htamos the Ogre Mage (level 5, 0/45 HPs)
             Began as an Ogre Wizard on July 14, 2018.
             Succumbed to an orc wizard's poison
             ... on level 3 of the Dungeon.
             The game lasted 00:05:41 (3443 turns).

Htamos the Ogre Mage (Ogre Wizard)                  Turns: 3443, Time: 00:05:42

Health: 0/45       AC:  3    Str: 11    XL:     5   Next: 37%
Magic:  2/12       EV: 10    Int: 20    God:
Gold:   121        SH:  0    Dex:  7    Spells: 13/14 levels left

rFire    . . .     SeeInvis .   l - +0 whip
rCold    . . .     Gourm    .   (no shield)
rNeg     . . .     Faith    .   a - +0 robe
rPois    .         Spirit   .   b - +0 hat
rElec    .         Reflect  .   (no cloak)
rCorr    .         Harm     .   (gloves unavailable)
MR       .....                  (boots unavailable)
Stlth    +.........             (no amulet)
HPRegen  0.15/turn              (no ring)
MPRegen  0.13/turn              (no ring)

@: lethally poisoned (0 -> -26)
A: large, unfitting armour, tough skin 1
a: no special abilities


You were on level 3 of the Dungeon.
You were not hungry.

You visited 1 branch of the dungeon, and saw 3 of its levels.

You collected 121 gold pieces.

Inventory:

Hand Weapons
 e - a +0 club
 l - a +0 whip (weapon)
Armour
 a - a +0 robe (worn)
 b - a +0 hat (worn)
 j - a +0 buckler
Jewellery
 o - a +4 amulet of reflection {unknown}
Scrolls
 f - a scroll of enchant armour {unknown}
 g - 2 scrolls of fog {unknown}
 i - 2 scrolls of identify {unknown}
 k - 2 scrolls of remove curse {unknown}
 p - a scroll of fear {unknown}
 q - 2 scrolls of teleportation {unknown}
 r - a scroll of enchant weapon {unknown}
Books
 c - a book of Minor Magic

   Spells                             Type                      Level
   a - Magic Dart                     Conjuration                  1
   b - Blink                          Translocation                2
   c - Call Imp                       Summoning                    2
   d - Slow                           Hexes                        2
   e - Conjure Flame                  Conjuration/Fire             3
   f - Mephitic Cloud                 Conjuration/Poison/Air       3
Comestibles
 d - 7 rations
 m - 7 chunks of flesh


   Skills:
 - Level 1.9 Dodging
 - Level 1.6 Stealth
 + Level 5.2 Spellcasting
 + Level 3.1 Conjurations
   Level 0.8 Summonings
   Level 0.8 Translocations


You had 13 spell levels left.
You knew the following spells:

 Your Spells              Type           Power        Failure   Level  Hunger
a - Magic Dart            Conj           ###.         3%          1    None


Dungeon Overview and Level Annotations

Branches:
Dungeon (3/15)

Altars:


Innate Abilities, Weirdness & Mutations

You are too large for most types of armour.
You have tough skin. (AC +1)


Message History

You feel sick.
The orc wizard casts a spell.
The orc wizard blinks!
It was a potion of cancellation.
You feel magically purged.
You feel sick.
The orc wizard casts a spell.
The orc wizard blinks!
A magic dart appears from out of thin air!
The magic dart hits you!
* * * LOW HITPOINT WARNING * * *
You start resting.
You feel sick.
There is a strange disturbance nearby!
You closely miss something.
You feel sick. Something hits you.
* * * LOW HITPOINT WARNING * * *
You are more poisoned.
You closely miss something.
* * * LOW HITPOINT WARNING * * *
You feel sick. Something hits you but does no damage.
You are more poisoned.
You closely miss something.
You die...

## ##### #. #...###########.
#.........##.##.
##...#####.#...## ##.###.##
#......# ##.## ##.###.......
#)## ##.#####.### ##@## ##.##
#.# ##{###.## #.# #..#.##
##'## ####.#.## ##...## #
#.......# ##.....# #.#"###
#.##o#..# ##.......
...).).###.##....####........
#.......)......'........
#.###.......####........


You could see an orc wizard.

Vanquished Creatures
  A hound (D:2)
  Terence (D:3)
  3 gnolls
  An adder (D:2)
  2 dart slugs (D:1)
  2 leopard geckos
  3 orcs (D:3)
  7 bats
  4 giant cockroaches
  3 goblins
  7 hobgoblins
  2 jackals (D:1)
  4 kobolds (D:1)
  3 quokkas (D:2)
  2 ball pythons (D:2)
  A frilled lizard (D:2)
  7 rats
53 creatures vanquished.

Vanquished Creatures (others)
  8 toadstools (D:3)
8 creatures vanquished.

Grand Total: 61 creatures vanquished

Notes
Turn   | Place    | Note
-------+----------+-------------------------------------------
     0 | D:1      | Htamos the Ogre Wizard began the quest for the Orb.
     0 | D:1      | Reached XP level 1. HP: 16/16 MP: 5/5
    36 | D:1      | Reached skill level 1 in Conjurations
   421 | D:1      | Reached XP level 2. HP: 24/24 MP: 2/6
   854 | D:1      | Reached skill level 4 in Spellcasting
  1312 | D:1      | Reached XP level 3. HP: 31/31 MP: 2/8
  2039 | D:2      | Reached XP level 4. HP: 39/39 MP: 3/10
  2623 | D:2      | Reached skill level 5 in Spellcasting
  2763 | D:2      | Reached XP level 5. HP: 45/45 MP: 7/12
  3260 | D:3      | Noticed Terence
  3304 | D:3      | Killed Terence
  3442 | D:3      | HP: 1/45 [poisoned by an orc wizard]
  3443 | D:3      | Succumbed to an orc wizard's poison

Skill      XL: |  1  2  3  4  5 |
---------------+----------------+-----
Conjurations   | 1 2 3 |  3.1
Spellcasting   | 4 5 |  5.2
Dodging        | |  1.9
Stealth        | |  1.6
Summonings     | |  0.8
Translocations | |  0.8

Action                   |  1- 3 |  4- 6 || total
-------------------------+-------+-------++-------
Melee: Unarmed           |    27 |       ||    27
       Club              |    22 |       ||    22
       Whip              |     5 |    30 ||    35
 Cast: Magic Dart        |    75 |    79 ||   154
  Use: Potion            |       |     4 ||     4
  Eat: Chunk             |     3 |     5 ||     8
Armor: Robe              |    11 |     9 ||    20
       Skin              |       |    18 ||    18
Dodge: Dodged            |    35 |    15 ||    50
